Map: Berlingrad LE

Players

Chendalen - Winner!

  • Race: Terran Terran

VOD

Have the link to the VOD?

Description

Time

  • Played on: March 20, 2022, 7:16 p.m.
  • Length: 17:37
Show
View Real Time Build Order
Export as new Build Order

Chendalen Terran - Winner!

Build Orders:  

Get SALT Encoding   

  12  0:01  SCV  
  13  0:21  Supply Depot  
  13  0:24  SCV  
  14  0:41  SCV  
  15  0:58  SCV  
  16  1:00  Barracks  
  16  1:15  SCV  
  17  1:20  Barracks  
  17  1:32  SCV  
  18  1:44  Barracks  
  18  1:50  Refinery  
  18  1:55  SCV  
  19  2:16  Orbital Command  
  19  2:19  Marine  
  20  2:35  Supply Depot  
  20  2:47  Marine, Refinery  
  21  2:53  Marine  
  21  2:54  Marine  
  23  3:05  SCV  
  24  3:19  Barracks Reactor  
  24  3:20  Barracks Tech Lab  
  24  3:22  SCV  
  24  3:28  Barracks Tech Lab  
  25  3:39  SCV  
  26  3:55  Command Center  
  26  3:57  Marauder  
  26  3:59  Marauder  
  30  4:05  SCV  
  31  4:24  Supply Depot  
  31  4:54  SCV, Marine x3, Marauder  
  31  4:57  Supply Depot  
  37  5:11  SCV  
  37  5:19  Marine  
  39  5:27  Marauder x2, Marine  
  44  5:30  Factory  
  44  5:36  Supply Depot  
  44  5:45  Marine  
  45  5:52  Marine  
  45  5:57  Marauder, Marine  
  49  6:03  Orbital Command  
  49  6:10  Marine  
  49  6:13  SCV  
  51  6:30  SCV  
  51  6:31  Factory Tech Lab  
  52  6:44  SCV  
  52  6:47  SCV  
  54  6:54  Supply Depot  
  54  7:01  SCV, Marauder  
  54  7:02  Marauder, Marine x2  
  61  7:10  Siege Tank  
  64  7:24  Siege Tank  
  64  7:25  Supply Depot  
  64  7:27  Marine  
  64  7:29  Starport  
  65  7:36  Siege Tank  
  65  7:40  Marauder x2  
  65  7:41  Marine  
  70  7:51  SCV  
  70  7:52  SCV, Marine  
  73  8:06  Marine  
  73  8:08  SCV x2  
  76  8:25  SCV x2  
  78  8:39  Starport Reactor  
  78  8:42  SCV  
  78  8:49  Supply Depot  
  79  8:53  Supply Depot  
  79  9:00  SCV x2  
  79  9:09  Refinery  
  81  9:12  Refinery  
  81  9:17  SCV x2, Stimpack  
  83  9:20  Supply Depot  
  83  9:22  Siege Tank  
  83  9:25  Supply Depot  
  83  9:27  Marauder x2  
  83  9:29  Marine x2  
  92  9:34  SCV x2  
  92  9:35  Medivac  
  92  9:36  Medivac  
  98  9:45  Concussive Shells  
  98  9:54  Marine x2  
  98  9:57  Marauder x2  
  104  10:06  SCV x2  
  104  10:07  Siege Tank  
  109  10:19  Marine x2  
  111  10:23  SCV  
  111  10:26  Marauder  
  111  10:27  Marauder  
  111  10:28  Command Center  
  116  10:44  Marine x2  
  116  10:45  Unknown  
  116  10:47  Supply Depot  
  118  10:55  Supply Depot  
  118  11:17  Siege Tank  
  121  11:25  Supply Depot  
  121  11:26  Supply Depot  
  121  11:32  SCV  
  122  11:53  Medivac  
  122  11:54  Medivac  
  122  11:58  Marauder  
  122  11:59  Marauder, Supply Depot x2  
  130  12:00  Marine x2  
  130  12:01  Siege Tank  
  130  12:07  Siege Tank  
  130  12:08  Siege Tank x3  
  135  12:25  Marine x2  
  135  12:28  Marauder x2  
  141  12:35  Medivac  
  141  12:36  Medivac  
  143  12:50  Marine x2  
  143  12:58  Marauder x2  
  149  13:10  Siege Tank x3  
  149  13:11  Siege Tank x2  
  149  13:15  Marine x2  
  149  13:17  Siege Tank  
  154  13:27  Medivac x2  
  154  13:28  Marauder x2  
  83  13:40  Marine x2  
  161  13:58  Marauder x2  
  163  14:02  Siege Tank  
  163  14:04  Marine  
  163  14:05  Marine  
  168  14:28  Marauder x2  
  148  15:54  SCV  
  148  15:57  Marauder x2  
  148  15:59  Marine x2  
  154  16:01  Siege Tank x3  
  154  16:03  Siege Tank  
  154  16:09  Medivac x2  
  161  16:18  Siege Tank  
  161  16:24  Marine x2  
  161  16:27  Marauder x2  
  167  16:48  Siege Tank  
  167  16:49  Marine x2  
  172  16:51  Medivac x2  
  172  16:57  Marauder x2  
Tags
 
Add a new tag
Caveats
  • Supply blocks, unpowered buildings, or Contaminate may cause inaccurate times.
  • Supply counts are checked every 10 seconds.